 Dungeon Crawl Stone Soup version 0.17.1-3-g152610e (webtiles) character file.

149503 theElss the Warrior (level 17, 0/113 HPs)
             Began as a Gargoyle Berserker on Feb 21, 2016.
             Was the Champion of Trog.
             Slain by a tarantella (5 damage)
             ... on level 3 of the Spider Nest.
             The game lasted 02:25:22 (37958 turns).

theElss the Warrior (Gargoyle Berserker)           Turns: 37958, Time: 02:25:22

Health: 0/113      AC: 24    Str: 30    XL:     17   Next: 51%
Magic:  28/28      EV:  5    Int:  9    God:    Trog [******]
Gold:   3004       SH:  0    Dex: 10    Spells: 0 memorised, 16 levels left

rFire  + . .     SeeInvis +     i - +6 flail (crush)
rCold  + . .     Clarity  .     b - +0 gold dragon armour
rNeg   + . .     SustAt   .     Y - +0 large shield of Mezcal {Regen+} (curse)
rPois  ∞         Gourm    .     F - +0 helmet
rElec  +         Spirit   .     O - +1 cloak {MR+}
rCorr  +         Warding  .     J - +2 pair of gloves
rMut   .         Stasis   .     y - +2 pair of boots of Inquiry {Str+4}
MR     +++..                    A - amulet of resist corrosion
Stlth  ..........               j - ring of see invisible
                                p - ring of protection from magic

@: confused, corroded equipment, flying, extremely resistant to hostile
enchantments, extremely unstealthy
A: big wings, negative energy resistance 1, electricity resistance, wild magic
1, unbreathing, petrification resistance, rot immunity, AC +12
a: Stop Flying, Berserk, Trog's Hand, Brothers in Arms, Burn Spellbooks,
Renounce Religion


You were on level 3 of the Spider Nest.
You worshipped Trog.
Trog was exalted by your worship.
You were hungry.

You visited 5 branches of the dungeon, and saw 32 of its levels.
You also visited: Ossuary, Ice Cave and Volcano.

You collected 3473 gold pieces.
You spent 469 gold pieces at shops.

Inventory:

Hand Weapons
 i - a +6 flail of crushing (weapon)
 S - the +2 flail of Naf Qoucy {venom, -Tele rC++ Dex+4 Stlth+}
   (You found it on level 8 of the Lair of Beasts)

   It poisons the flesh of those it strikes.
   It affects your dexterity (+4).
   It greatly protects you from cold.
   It prevents most forms of teleportation.
   It makes you more stealthy.
 Z - a +5 antimagic eveningstar
Armour
 b - a +0 gold dragon armour (worn)
 v - a +2 pair of gloves
 x - a +2 buckler
 y - the +2 pair of boots of Inquiry (worn) {Str+4}
   (You found it on level 8 of the Lair of Beasts)

   It affects your strength (+4).
 F - a +0 helmet (worn)
 H - the +2 cloak "Cyfo" {rC- rN++}
   (You found it on level 5 of the Lair of Beasts)

   It makes you vulnerable to cold.
   It greatly protects you from negative energy.
 J - a +2 pair of gloves (worn)
 O - a +1 cloak of magic resistance (worn)
 Y - the cursed +0 large shield of Mezcal (worn) {Regen+}
   (You bought it in a shop on level 4 of the Orcish Mines)

   It increases your rate of regeneration.
   It has a curse placed upon it.
Jewellery
 e - an uncursed amulet of clarity
 j - a ring of see invisible (right hand)
 p - a ring of protection from magic (left hand)
 s - an uncursed amulet of guardian spirit
 A - an amulet of resist corrosion (around neck)
 G - an uncursed ring of sustain attributes
 P - an uncursed ring of fire
Wands
 a - a wand of lightning (7)
 c - a wand of random effects (30)
 f - a wand of paralysis (5)
 m - a wand of frost (29)
 r - a wand of disintegration (6)
 t - a wand of lightning (8)
 M - a wand of teleportation (6)
 R - a wand of magic darts (15)
Scrolls
 l - a scroll of acquirement {unknown}
 o - 4 scrolls of torment {unknown}
 u - 13 scrolls of remove curse
 z - 3 scrolls of fear
 B - 3 scrolls of fog
 K - a scroll of holy word
 L - 6 scrolls of teleportation
 Q - 3 scrolls of magic mapping
 T - 6 scrolls of identify
 V - 2 scrolls of blinking
Potions
 d - 13 potions of curing
 g - 3 potions of brilliance
 h - 4 potions of heal wounds
 q - 2 potions of magic
 w - 5 potions of haste
 C - 3 potions of cancellation
 I - 3 potions of resistance
Books
 n - a book of Conjurations

   Spells                             Type                      Level
   a - Magic Dart                     Conjuration                  1
   b - Searing Ray                    Conjuration                  2
   c - Dazzling Spray                 Conjuration/Hexes            3
   d - Fulminant Prism                Conjuration/Hexes            4
   e - Iskenderun's Mystic Blast      Conjuration                  4
   f - Iskenderun's Battlesphere      Conjuration/Charms           5
   Trog disapproves of the use of such an item.
Miscellaneous
 k - a box of beasts
Comestibles
 U - 5 meat rations


   Skills:
 + Level 15.4 Fighting
   Level 1.1 Short Blades
 + Level 14.9 Maces & Flails
 + Level 14.8 Armour
 - Level 3.1 Dodging
 - Level 1.2 Stealth
 - Level 12.0 Shields
 - Level 15.3 Evocations


You had 16 spell levels left.
You didn't know any spells.

Dungeon Overview and Level Annotations

Branches:
Dungeon (15/15)            Temple (1/1) D:5            Lair (8/8) D:8
 Shoals (0/4) Lair:6       Spider (4/4) Lair:5        Slime (0/6) Lair:7
    Orc (4/4) D:10            Elf (0/3) Orc:4        Vaults (0/5) D:13
 Depths (0/5) D:15

Altars:
Ashenzari
Cheibriados
Dithmenos
Elyvilon
Fedhas
Gozag
Kikubaaqudgha
Makhleb
Nemelex Xobeh
Okawaru
Qazlal
Ru
Sif Muna
Trog
Vehumet
Xom
Yredelemnul
Zin
The Shining One

Shops:
D:6 %   D:9 *   D:10 *   D:11 [(([   Orc:1 =   Orc:4 *%[([

Annotations:
D:13 8 runed doors
Spider:4 Nikola


Innate Abilities, Weirdness & Mutations

You are resistant to torment.
Your stone body is resilient (AC +12).
You are immune to poison.
Your large and strong wings let you fly indefinitely.
You resist negative energy.
You are resistant to electric shocks.
You can survive without breathing.
You are immune to petrification.
You are immune to rotting.
Your spells are a little harder to cast, but a little more powerful.


Message History

* * * LOW HITPOINT WARNING * * *
The spider bites you but does no damage.
You're too confused!
You're too confused!
Unknown command.
You're too confused!
Unknown command.
Drink which item? (? for menu, Esc to quit)
You feel much better. The tarantella bites you.
The tarantella completely misses you. The tarantella bites you!
* * * LOW HITPOINT WARNING * * *
You are more confused.
The spider bites you.
* * * LOW HITPOINT WARNING * * *
Unknown command.
The tarantella bites you!
* * * LOW HITPOINT WARNING * * *
You are more confused.
The tarantella bites you.
You die...

######....#.....
##.#.#..#.#..#...
#........#...#...
##.....#.....#.#.
##.#.....#..^...
##.#.#..#...#.#..
#^.........#..#..
###...#.#..........
##.@.#^...#..##.....
#.ss.^..........†..#
#....#..#.#.#.#...#.
####.>.#)...>.#.#<.†
##........#.....#
#..#...#....#...†
##.....#....(##.†
###..#...#..#.^.
####..#.....#.


You could see a tarantella (berserk) and a spider.

Vanquished Creatures
  Mara (Spider:3)
  The ghost of WereVolvo the Shatterer, an adept OgAs of Okawaru (Spider:3)
  Maud (Lair:3)
  An emperor scorpion (Spider:2)
  5 dire elephants (Lair:8)
  Snorg (Lair:5)
  3 vault guards (D:13)
  Josephine (Lair:7)
  A yaktaur captain (D:15)
  The ghost of inmateoo the Spear-Bearer, a journeyman OpGl of Cheibriados (D:11)
  An ice dragon (Lair:8)
  An entropy weaver (Spider:1)
  7 hydras
  2 ogre magi (Orc:4)
  3 centaur warriors
  An anaconda (Lair:8)
  16 death yaks
  Sonja (Lair:2)
  Nergalle (Lair:3)
  2 unseen horrors
  A wizard (D:13)
  2 deep trolls (Orc:4)
  A lindwurm (Lair:8)
  Pikel (D:5)
  10 hill giants
  11 wolf spiders
  An oklob plant (Lair:8)
  An orc knight (Orc:4)
  2 necromancers (D:13)
  2 manticores
  2 orb spiders
  A moth of wrath (Spider:2)
  3 hornets
  9 ugly things
  5 cyclopes
  6 griffons
  2 sirens (Lair:6)
  Maurice (D:9)
  10 elephants
  11 black mambas
  2 gargoyles
  3 torpor snails
  3 ice statues (IceCv)
  5 centaur skeletons
  16 spiny frogs
  11 demonic crawlers
  5 efreet
  2 komodo dragons
  2 fire drakes
  A kobold demonologist (D:14)
  12 jumping spiders
  A yaktaur (D:15)
  A freezing wraith (D:11)
  13 trolls
  A polar bear (Lair:6)
  2 merfolk (Lair:6)
  15 blink frogs
  6 two-headed ogres (Orc:4)
  7 trapdoor spiders
  A shadow (D:11)
  5 wraiths
  17 humans (D:13)
  15 tarantellas
  55 yaks
  2 vampires
  30 redbacks
  9 wyverns
  5 basilisks
  A deep elf mage (D:12)
  A fire elemental (Volcano)
  10 vampire mosquitoes (D:13)
  4 fire bats (D:13)
  5 wolves (Lair:6)
  4 hungry ghosts
  Menkaure (D:7)
  4 soldier ants
  2 mottled dragons
  25 water moccasins
  16 hippogriffs
  12 porcupines
  A warg (Orc:4)
  A hell hound (D:13)
  19 ice beasts
  2 sky beasts
  A swamp drake (shapeshifter) (D:13)
  2 wasps
  An eye of draining (D:12)
  A black bear (D:8)
  25 spiders
  19 orc warriors
  5 centaurs
  A necrophage (D:11)
  31 ogres
  17 crocodiles
  26 giant frogs
  4 big kobolds
  A wyvern zombie (D:12)
  3 scorpions
  8 killer bees
  5 wights (D:7)
  3 electric eels
  2 centaur zombies
  20 orc priests
  35 orc wizards
  9 crimson imps
  5 hounds
  2 lava snakes (D:13)
  A quasit (D:10)
  A wasp zombie (D:8)
  10 iguanas
  7 jellies
  Crazy Yiuf (D:6)
  2 giant frog zombies
  2 giant frog skeletons
  A gnoll shaman (D:4)
  10 worker ants
  11 hell rats (Lair:2)
  19 sheep
  A hound zombie (D:5)
  8 mummies (Ossuary)
  46 gnolls
  62 river rats
  A worker ant zombie (D:6)
  13 adders
  8 shadow imps
  A white imp (Lair:8)
  An adder skeleton (D:9)
  2 adder zombies
  9 worms
  9 giant geckos
  148 orcs
  A giant cockroach (D:1)
  9 goblins
  15 hobgoblins
  28 jackals
  23 kobolds
  5 quokkas
  A ball python (D:6)
  8 bats
  4 giant newts
  3 gnoll zombies (Ossuary)
  A hobgoblin zombie (Ossuary)
  A jackal skeleton (D:9)
  A kobold zombie (Ossuary)
  3 orc zombies (Ossuary)
  A quokka skeleton (D:4)
  16 rats
  2 fire vortices (D:13)
  4 plants
1214 creatures vanquished.

Vanquished Creatures (collateral kills)
  Harold (Lair:3)
  2 blink frogs (Lair:3)
3 creatures vanquished.

Vanquished Creatures (others)
  An entropy weaver (Spider:4)
  3 jumping spiders (Spider:4)
  A redback (Spider:4)
  5 spiders
  A wyvern zombie (D:13)
  3 orcs
  6 bushes (D:8)
  2 fire vortices
  34 fungi
  29 plants
85 creatures vanquished.

Grand Total: 1302 creatures vanquished

Notes
Turn   | Place    | Note
--------------------------------------------------------------
     0 | D:1      | theElss the Gargoyle Berserker began the quest for the Orb.
     0 | D:1      | Reached XP level 1. HP: 14/14 MP: 1/1
   345 | D:1      | Reached XP level 2. HP: 18/20 MP: 2/2
   656 | D:1      | Reached ** piety under Trog
   680 | D:1      | Reached XP level 3. HP: 16/24 MP: 3/3
  1052 | D:2      | Reached skill level 4 in Fighting
  1524 | D:2      | Reached XP level 4. HP: 29/29 MP: 4/4
  1963 | D:3      | Reached *** piety under Trog
  2276 | D:3      | Reached XP level 5. HP: 31/33 MP: 5/5
  2508 | D:4      | Found a white marble altar of Elyvilon.
  2569 | D:4      | Noticed an ogre
  2582 | D:4      | HP: 2/51 [ogre/giant club (12)]
  2583 | D:4      | Killed an ogre
  2583 | D:4      | Reached XP level 6. HP: 2/39 MP: 6/6
  2864 | D:4      | Noticed a moth of wrath
  2874 | D:4      | Found a bloodstained altar of Trog.
  3046 | D:4      | Reached **** piety under Trog
  3209 | D:4      | Found a glowing golden altar of the Shining One.
  3211 | D:4      | Found an opulent altar of Gozag.
  3288 | D:4      | Reached skill level 1 in Stealth
  3420 | D:4      | Reached skill level 5 in Fighting
  3569 | D:4      | Reached XP level 7. HP: 28/44 MP: 7/7
  4307 | D:4      | Reached skill level 5 in Maces & Flails
  4351 | D:4      | Reached skill level 5 in Armour
  4442 | D:4      | Reached ***** piety under Trog
  4875 | D:4      | Reached XP level 8. HP: 48/51 MP: 8/8
  5226 | D:5      | Entered Level 5 of the Dungeon
  5302 | D:5      | Reached skill level 6 in Fighting
  5547 | D:5      | Found a staircase to the Ecumenical Temple.
  5566 | Temple   | Entered the Ecumenical Temple
  6448 | D:6      | Noticed Pikel
  6636 | D:5      | Killed Pikel
  6636 | D:5      | Reached skill level 7 in Fighting
  6636 | D:5      | Reached XP level 9. HP: 57/57 MP: 9/9
  6958 | D:6      | Found an ancient bone altar of Kikubaaqudgha.
  6995 | D:6      | Found a sand-covered staircase.
  7008 | Ossuary  | Entered an ossuary
  7435 | D:6      | Found Tuixi's Food Emporium.
  7469 | D:6      | Found a shimmering altar of Xom.
  7523 | D:6      | Noticed Crazy Yiuf
  7531 | D:6      | Killed Crazy Yiuf
  7618 | D:6      | Found a burning altar of Makhleb.
  7618 | D:6      | Noticed a blizzard demon
  7829 | D:7      | Reached skill level 8 in Maces & Flails
  8007 | D:7      | Found a shadowy altar of Dithmenos.
  8060 | D:7      | Found a glowing silver altar of Zin.
  8102 | D:7      | Found a shimmering altar of Xom.
  8530 | D:7      | Received a gift from Trog
  8530 | D:7      | Reached XP level 10. HP: 55/65 MP: 10/10
  8537 | D:7      | Reached skill level 9 in Maces & Flails
  8594 | D:7      | Noticed Menkaure
  8609 | D:7      | Killed Menkaure
  8875 | D:7      | Found a radiant altar of Vehumet.
  9689 | D:8      | Got an iridescent rapier
 10210 | D:8      | Reached skill level 10 in Maces & Flails
 10351 | D:8      | Found a staircase to the Lair.
 10421 | D:8      | Reached skill level 10 in Armour
 10469 | D:8      | Reached XP level 11. HP: 72/72 MP: 11/11
 10705 | D:9      | Found Xeewenyc's Assorted Antiques.
 10953 | D:9      | Noticed Maurice
 11083 | D:9      | Reached skill level 10 in Fighting
 11317 | D:9      | Reached skill level 11 in Maces & Flails
 11432 | D:9      | Killed Maurice
 11613 | Lair:1   | Entered Level 1 of the Lair of Beasts
 12179 | Lair:1   | Reached ****** piety under Trog
 12545 | Lair:1   | Received a gift from Trog
 13101 | Lair:2   | Reached skill level 12 in Maces & Flails
 13527 | Lair:2   | Received a gift from Trog
 13760 | Lair:2   | Noticed Sonja
 13777 | Lair:2   | Killed Sonja
 13777 | Lair:2   | Reached XP level 12. HP: 73/80 MP: 4/12
 14058 | Lair:2   | Gained mutation: You evolve. [potion of beneficial mutation]
 14099 | Lair:3   | Noticed Maud
 14112 | Lair:3   | Killed Maud
 14158 | Lair:3   | Noticed an eight-headed hydra
 14176 | Lair:2   | Noticed a six-headed hydra
 14177 | Lair:2   | Gained mutation: Your spells are a little harder to cast, but a little more powerful. [evolution]
 14177 | Lair:2   | Lost mutation: You evolve. [end of evolution]
 14186 | Lair:2   | Killed a six-headed hydra
 14321 | Lair:3   | Killed an eight-headed hydra
 14536 | Lair:3   | Reached skill level 13 in Maces & Flails
 14594 | Lair:3   | Noticed a death yak
 14615 | Lair:3   | Noticed a death yak
 14619 | Lair:3   | Killed a death yak
 14627 | Lair:3   | Killed a death yak
 14811 | Lair:3   | Noticed Nergalle
 14832 | Lair:3   | Killed Nergalle
 14907 | Lair:3   | Noticed Harold
 14908 | Lair:3   | Noticed a four-headed hydra
 14932 | Lair:3   | Killed a four-headed hydra
 14950 | Lair:3   | Killed Harold
 15416 | Lair:3   | Received a gift from Trog
 15707 | Lair:3   | Reached skill level 14 in Maces & Flails
 15707 | Lair:3   | Reached XP level 13. HP: 67/86 MP: 4/13
 16254 | Lair:4   | Noticed a death yak
 16468 | Lair:4   | Killed a death yak
 17390 | Lair:5   | Found a frozen archway.
 17485 | IceCv    | Entered an ice cave
 17989 | Lair:5   | Reached skill level 1 in Evocations
 18167 | Lair:5   | Noticed Snorg
 18183 | Lair:5   | Killed Snorg
 18183 | Lair:5   | Reached skill level 1 in Shields
 18279 | Lair:5   | Found a hole to the Spider Nest.
 18477 | Lair:5   | Received a gift from Trog
 18581 | Lair:5   | Got an ichor-stained cloak
 18592 | Lair:5   | Identified the +2 cloak "Cyfo" {rC- rN++} (You found it on level 5 of the Lair of Beasts)
 18920 | Lair:6   | Found a staircase to the Shoals.
 19282 | Lair:6   | Reached skill level 5 in Shields
 19377 | Lair:6   | Found a dark tunnel.
 19387 | Volcano  | Entered a volcano
 19410 | Volcano  | Reached skill level 5 in Evocations
 19410 | Volcano  | Gained mutation: Your large and strong wings let you fly indefinitely. [Gargoyle growth]
 19410 | Volcano  | Reached XP level 14. HP: 62/92 MP: 5/17
 20826 | Lair:7   | Received a gift from Trog
 20841 | Lair:7   | Noticed Josephine
 20878 | Lair:7   | Killed Josephine
 20914 | Lair:7   | Found a staircase to the Slime Pits.
 21646 | Lair:8   | Entered Level 8 of the Lair of Beasts
 22106 | Lair:8   | Got a dazzling rapier
 22221 | Lair:8   | Reached skill level 1 in Short Blades
 23272 | Lair:8   | Received a gift from Trog
 23411 | Lair:8   | Reached skill level 10 in Shields
 23484 | Lair:8   | Reached XP level 15. HP: 86/97 MP: 7/21
 23802 | Lair:8   | Got a pair of brightly glowing boots
 23813 | Lair:8   | Identified the +2 pair of boots of Inquiry {Str+4} (You found it on level 8 of the Lair of Beasts)
 24998 | D:10     | Entered Level 10 of the Dungeon
 25066 | D:10     | Found a staircase to the Orcish Mines.
 25068 | D:10     | Found Faiqudou's General Store.
 25223 | D:10     | Got an ancient chain mail
 25813 | D:11     | Received a gift from Trog
 25892 | D:11     | Found Egroserph's Armour Emporium.
 26105 | D:11     | Noticed inmateoo's ghost (journeyman OpGl)
 26133 | D:11     | Reached skill level 10 in Evocations
 26145 | D:11     | Killed inmateoo's ghost
 26370 | D:11     | Found Pesoraah's Antique Weapon Shoppe.
 26386 | D:11     | Found Fepn's Armour Shop.
 26580 | D:11     | Found Routs's Antique Weapon Shoppe.
 27433 | D:12     | Received a gift from Trog
 28064 | D:13     | Found a gate to the Vaults.
 28252 | D:13     | Found a sacrificial altar of Ru.
 28335 | D:13     | Found a large runed door.
 28338 | D:13     | Noticed a sphinx
 28339 | D:13     | Found a large runed door.
 28341 | D:13     | Noticed a tengu reaver
 28343 | D:13     | Found a large runed door.
 28344 | D:13     | Found a large runed door.
 28344 | D:13     | Found a large runed door.
 28552 | D:13     | Reached XP level 16. HP: 103/103 MP: 8/26
 28968 | D:13     | Found a large runed door.
 29397 | D:13     | Found a large runed door.
 29714 | D:13     | Found a large runed door.
 30222 | D:14     | Received a gift from Trog
 30438 | D:14     | Got a dazzling long sword
 30845 | D:15     | Entered Level 15 of the Dungeon
 31213 | D:15     | Reached skill level 15 in Evocations
 31222 | D:15     | Found a staircase to the Depths.
 31836 | Orc:1    | Entered Level 1 of the Orcish Mines
 31909 | Orc:1    | Found Wudet's Jewellery Shop.
 32434 | Orc:1    | Received a gift from Trog
 32883 | Orc:4    | Entered Level 4 of the Orcish Mines
 32935 | Orc:4    | Found Loagaazu's Antique Armour Shop.
 33084 | Orc:4    | Found a staircase to the Elven Halls.
 33109 | Orc:4    | Received a gift from Trog
 33823 | Orc:4    | Received a gift from Trog
 33841 | Orc:4    | Found Yptang's Antique Armour Shoppe.
 33842 | Orc:4    | Found Fietaptu's General Store.
 33988 | Orc:4    | Found Mackiug's Weapon Shop.
 34008 | Orc:4    | Bought a slimy large shield for 313 gold pieces
 34013 | Orc:4    | Bought a wand of lightning (8) for 156 gold pieces
 34016 | Orc:4    | Found Zeiry's Food Emporium.
 34421 | Lair:8   | Got an encrusted flail
 34422 | Lair:8   | Identified the +2 flail of Naf Qoucy {venom, -Tele rC++ Dex+4 Stlth+} (You found it on level 8 of the Lair of Beasts)
 34599 | Lair:2   | Identified the cursed +0 large shield of Mezcal {Regen+} (You bought it in a shop on level 4 of the Orcish Mines)
 34602 | Lair:2   | Identified the +2 long sword "Death Rattle" {slice, rElec rPois Dex-5 SInv} (You found it on level 14 of the Dungeon)
 34739 | Spider:1 | Entered Level 1 of the Spider Nest
 35345 | Spider:1 | Received a gift from Trog
 36155 | Spider:2 | Reached XP level 17. HP: 111/111 MP: 28/28
 36896 | Spider:3 | Noticed WereVolvo's ghost (adept OgAs)
 37002 | Spider:3 | Killed WereVolvo's ghost
 37045 | Spider:2 | Received a gift from Trog
 37116 | Spider:3 | Reached skill level 15 in Fighting
 37343 | Spider:3 | Noticed Mara
 37502 | Spider:3 | Noticed theElss's illusion
 37520 | Spider:3 | Killed Mara
 37761 | Spider:4 | Entered Level 4 of the Spider Nest
 37901 | Spider:4 | Noticed Nikola
 37958 | Spider:3 | HP: 5/113 [tarantella (14)]
 37958 | Spider:3 | Slain by a tarantella

Action                   |  1- 3 |  4- 6 |  7- 9 | 10-12 | 13-15 | 16-18 || total
-------------------------+-------+-------+-------+-------+-------+-------++-------
Melee: Mace              |   147 |   262 |   158 |       |       |       ||   567
       Morningstar       |       |       |   321 |   780 |       |       ||  1101
       Whip              |       |       |   145 |       |       |       ||   145
       Great mace        |       |       |       |   234 |   843 |       ||  1077
       Eveningstar       |       |       |       |       |   771 |   217 ||   988
       Flail             |       |       |       |       |       |  1214 ||  1214
Invok: Berserk           |     1 |     4 |     8 |     5 |     9 |     4 ||    31
       Brothers in Arms  |       |       |       |     1 |       |       ||     1
 Abil: Fly               |       |       |       |       |     1 |       ||     1
Evoke: Wand              |       |       |       |       |     1 |     1 ||     2
  Use: Scroll            |       |       |    10 |    15 |     3 |     6 ||    34
       Potion            |       |       |     2 |     1 |     1 |     1 ||     5
 Stab: Held in net/web   |       |       |       |       |       |     1 ||     1
  Eat: Chunk             |     3 |    11 |    21 |    29 |    44 |    34 ||   142
       Beef jerky        |       |       |     3 |       |     3 |     3 ||     9
       Fruit             |       |       |     1 |     1 |     2 |       ||     4
       Meat ration       |       |       |     1 |       |     2 |       ||     3
       Pizza             |       |       |       |       |       |     1 ||     1
